 Dungeon Crawl Stone Soup version 0.21.1-1-g345015fe64 (webtiles) character file.

220 LevaFresel the Chopper (level 6, -18/48 HPs)
             Began as a Human Fighter on June 26, 2018.
             Demolished by an orc warrior
             ... wielding a +0 war axe
              (23 damage)
             ... on level 3 of the Dungeon.
             The game lasted 00:06:31 (2355 turns).

LevaFresel the Chopper (Human Fighter)              Turns: 2355, Time: 00:06:31

Health: -18/48     AC:  7    Str: 18    XL:     6   Next: 18%
Magic:  6/6        EV:  7    Int:  9    God:
Gold:   173        SH:  9    Dex: 12    Spells: 5/5 levels left

rFire    . . .     SeeInvis .   a - +0 war axe
rCold    . . .     Gourm    .   c - +0 shield
rNeg     . . .     Faith    .   b - +0 scale mail
rPois    .         Spirit   .   (no helmet)
rElec    .         Reflect  .   (no cloak)
rCorr    .         Harm     .   (no gloves)
MR       .....                  (no boots)
Stlth    ..........             (no amulet)
HPRegen  0.16/turn              (no ring)
MPRegen  0.10/turn              (no ring)

@: no status effects
A: no striking features
a: no special abilities


You were on level 3 of the Dungeon.
You were very hungry.

You visited 1 branch of the dungeon, and saw 4 of its levels.

You collected 173 gold pieces.

Inventory:

Hand Weapons
 a - a +0 war axe (weapon)
Armour
 b - a +0 scale mail (worn)
 c - a +0 shield (worn)
Scrolls
 h - a scroll of fog {unknown}
 i - a scroll of noise {unknown}
 j - 3 scrolls of remove curse {unknown}
 l - 3 scrolls of identify {unknown}
 o - a scroll of magic mapping {unknown}
 p - 2 scrolls of immolation {unknown}
Potions
 d - 3 potions of might
 e - a potion of mutation {unknown}
 g - 2 potions of curing {unknown}
 k - a potion of haste {unknown}
 m - a potion of magic {unknown}
 n - a potion of cancellation {unknown}
 q - a potion of flight {unknown}
Comestibles
 f - 2 rations


   Skills:
 + Level 3.8 Fighting
 * Level 4.0 Axes
 + Level 3.9 Armour
 + Level 3.9 Shields


You had 5 spell levels left.
You didn't know any spells.

Dungeon Overview and Level Annotations

Branches:
Dungeon (4/15)             Temple (0/1) D:4

Altars:
Vehumet


Message History

The orc warrior hits you with a war axe!!
You block the orc's attack. The orc warrior closely misses you.
The orc barely misses you.
You climb upwards.
There is a stone staircase leading down here.
You slash the orc warrior!
The orc warrior is moderately wounded.
You slash the orc!
You kill the orc!
The orc warrior hits you with a war axe!
* * * LOW HITPOINT WARNING * * *
The orc warrior hits you with a war axe.
* * * LOW HITPOINT WARNING * * *
You barely miss the orc warrior.
The orc warrior is moderately wounded.
The orc warrior barely misses you.
You closely miss the orc warrior.
The orc warrior is moderately wounded.
The orc warrior hits you with a war axe!!
You die...

#.....# #....†# #...<)#
#.....### ####.......#
######
#....#####.#####....######
#.##................'.÷...
#.######.o######....######
#........@.....'..).'.....
##........######....######
#........# #....#
#.......## #....#
######### ######


You could see an orc warrior.

Vanquished Creatures
  A hound (D:4)
  A bullfrog skeleton (D:3)
  A worker ant (D:2)
  A worker ant zombie (D:4)
  4 adders
  A worm (D:3)
  2 dart slugs
  7 leopard geckos
  4 orcs
  5 giant cockroaches
  9 goblins
  8 hobgoblins
  4 bats
  14 frilled lizards
  5 kobolds
  7 rats
74 creatures vanquished.

Notes
Turn   | Place    | Note
-------+----------+-------------------------------------------
     0 | D:1      | LevaFresel the Human Fighter began the quest for the Orb.
     0 | D:1      | Reached XP level 1. HP: 18/18 MP: 1/1
    61 | D:1      | Reached XP level 2. HP: 14/24 MP: 2/2
   287 | D:1      | Reached XP level 3. HP: 20/29 MP: 3/3
  1154 | D:2      | Reached XP level 4. HP: 35/35 MP: 4/4
  1254 | D:2      | Reached skill level 3 in Axes
  1360 | D:2      | Found a faded altar of an unknown god.
  1362 | D:2      | Found a radiant altar of Vehumet.
  1469 | D:2      | Reached XP level 5. HP: 34/41 MP: 5/5
  2155 | D:4      | Reached skill level 4 in Axes
  2155 | D:4      | Reached XP level 6. HP: 36/48 MP: 6/6
  2196 | D:4      | Found a staircase to the Ecumenical Temple.
  2224 | D:4      | Noticed an orc warrior
  2355 | D:3      | Demolished by an orc warrior

Skill      XL: |  1  2  3  4  5 |
---------------+----------------+-----
Axes           | 3 4 |  4.0
Fighting       | |  3.8
Armour         | |  3.9
Shields        | |  3.9

Action                   |  1- 3 |  4- 6 || total
-------------------------+-------+-------++-------
Melee: War axe           |   117 |   142 ||   259
  Eat: Chunk             |       |     4 ||     4
Armor: Scale mail        |    51 |    48 ||    99
Dodge: Dodged            |    28 |    51 ||    79
Block: Shield            |    54 |    85 ||   139
